| TOP OF THE 1ST |
|
Colorado Rockies batting - Pitching for Los Angeles Dodgers : RHP Gyu-hyun Kim
|
|
Pitching: RHP Gyu-hyun Kim
|
|
|
Batting: RHB Roberto Rodriguez
|
0-0: Ball 1-0: Ball 2-0: Ball 3-0: Base on Balls
|
|
Batting: LHB Robert Watson
|
0-0: Foul Ball, location: 2F 0-1: Ball 1-1: Swinging Strike 1-2: Foul Ball, location: 2F 1-2: Strikes out swinging
|
|
Batting: LHB Fabiano Perrolas
|
0-0: Ball 1-0: Called Strike 1-1: Ball 2-1: Ground out U3 (Groundball, 3S, EV 63.8 MPH) Roberto Rodriguez to second
|
|
Batting: RHB Jason Andrews
|
0-0: Fly out, F9 (Flyball, 9LD, EV 93.1 MPH)
|
| Top of the 1st over - 0 runs, 0 hits, 0 errors, 1 left on base; Colorado 0 - Los Angeles 0 |
| BOTTOM OF THE 1ST |
|
Los Angeles Dodgers batting - Pitching for Colorado Rockies : LHP Cooper Bate
|
|
Pitching: LHP Cooper Bate
|
|
|
Batting: SHB Joel Baker
|
0-0: Ball 1-0: Foul Ball, location: 2F 1-1: Fly out, F8 (Flyball, 8RXD, EV 79.4 MPH)
|
|
Batting: LHB Chris Ringwood
|
0-0: Foul Ball, location: 2F 0-1: Ball 1-1: Ball 2-1: Foul Ball, location: 2F 2-2: Strikes out swinging
|
|
Batting: LHB Bob Branham
|
0-0: Swinging Strike 0-1: Fly out, F8 (Flyball, 8LM, EV 83.1 MPH)
|
| Bottom of the 1st over - 0 runs, 0 hits, 0 errors, 0 left on base; Colorado 0 - Los Angeles 0 |
| TOP OF THE 2ND |
|
Colorado Rockies batting - Pitching for Los Angeles Dodgers : RHP Gyu-hyun Kim
|
|
Batting: SHB Chris Blue
|
0-0: Called Strike 0-1: Foul Ball, location: 2F 0-2: Ball 1-2: Strikes out swinging
|
|
Batting: RHB Rico Coss
|
0-0: Ball 1-0: Ball 2-0: Foul Ball, location: 2F 2-1: Fly out, F7 (Line Drive, 7D, EV 91.9 MPH)
|
|
Batting: LHB Jose Robles
|
0-0: Called Strike 0-1: Hit by Pitch
|
|
Batting: RHB Sterling Acosta
|
0-0: Swinging Strike 0-1: Ball 1-1: SINGLE (Line Drive, 56D, EV 95.6 MPH) Jose Robles to second
|
|
Batting: RHB Stephen Charbonneau
|
0-0: Ball 1-0: Ball 2-0: Ball 3-0: Called Strike 3-1: Swinging Strike 3-2: Base on Balls Jose Robles to third Sterling Acosta to second
|
|
Batting: RHB Roberto Rodriguez
|
0-0: Foul Ball, location: 2F 0-1: Ball 1-1: Swinging Strike 1-2: Ball 2-2: Strikes out swinging
|
| Top of the 2nd over - 0 runs, 1 hit, 0 errors, 3 left on base; Colorado 0 - Los Angeles 0 |
| BOTTOM OF THE 2ND |
|
Los Angeles Dodgers batting - Pitching for Colorado Rockies : LHP Cooper Bate
|
|
Batting: RHB Jorge Severiano
|
0-0: Swinging Strike 0-1: Ball 1-1: Swinging Strike 1-2: Foul Ball, location: 2F 1-2: Foul Ball, location: 2F 1-2: Hit by Pitch
|
|
Batting: RHB Tsutomu Irie
|
0-0: Foul Ball, location: 2F 0-1: Ball 1-1: Called Strike 1-2: Grounds into double play, U3-6 (Groundball, 3L, EV 90.0 MPH)
|
|
Batting: RHB Ben Mischnick
|
0-0: Swinging Strike 0-1: Ball 1-1: Foul Ball, location: 2F 1-2: Strikes out swinging
|
| Bottom of the 2nd over - 0 runs, 0 hits, 0 errors, 0 left on base; Colorado 0 - Los Angeles 0 |
| TOP OF THE 3RD |
|
Colorado Rockies batting - Pitching for Los Angeles Dodgers : RHP Gyu-hyun Kim
|
|
Batting: LHB Robert Watson
|
0-0: Called Strike 0-1: Ball 1-1: Ground out 4-3 (Groundball, 4, EV 82.5 MPH)
|
|
Batting: LHB Fabiano Perrolas
|
0-0: Ball 1-0: Ball 2-0: Foul Ball, location: 2F 2-1: Ball 3-1: Foul Ball, location: 2F 3-2: Strikes out swinging
|
|
Batting: RHB Jason Andrews
|
0-0: Ball 1-0: Ball 2-0: Ball 3-0: Base on Balls
|
|
Batting: SHB Chris Blue
|
0-0: Called Strike 0-1: Fly out, F7 (Flyball, 7S, EV 91.2 MPH)
|
| Top of the 3rd over - 0 runs, 0 hits, 0 errors, 1 left on base; Colorado 0 - Los Angeles 0 |
| BOTTOM OF THE 3RD |
|
Los Angeles Dodgers batting - Pitching for Colorado Rockies : LHP Cooper Bate
|
|
Batting: SHB Carlos Rodriguez
|
0-0: Ball 1-0: Foul Ball, location: 2F 1-1: Ball 2-1: Foul Ball, location: 2F 2-2: Foul Ball, location: 2F 2-2: Foul Ball, location: 2F 2-2: Fly out, F9 (Line Drive, 9S, EV 85.6 MPH)
|
|
Batting: LHB Ryan Taylor
|
0-0: Ball 1-0: Called Strike 1-1: Swinging Strike 1-2: Ball 2-2: Strikes out swinging
|
|
Batting: LHB Dalton Silveira
|
0-0: Foul Ball, location: 2F 0-1: Ball 1-1: Ground out 5-3 (Groundball, 56, EV 87.5 MPH)
|
| Bottom of the 3rd over - 0 runs, 0 hits, 0 errors, 0 left on base; Colorado 0 - Los Angeles 0 |
| TOP OF THE 4TH |
|
Colorado Rockies batting - Pitching for Los Angeles Dodgers : RHP Gyu-hyun Kim
|
|
Batting: RHB Rico Coss
|
0-0: Called Strike 0-1: Swinging Strike 0-2: Strikes out swinging
|
|
Batting: LHB Jose Robles
|
0-0: Called Strike 0-1: Called Strike 0-2: Foul Ball, location: 2F 0-2: Ball 1-2: Ground out 4-3 (Groundball, 34, EV 104.4 MPH)
|
|
Batting: RHB Sterling Acosta
|
0-0: Ball 1-0: Called Strike 1-1: Ball 2-1: Swinging Strike 2-2: Foul Ball, location: 2F 2-2: Ball 3-2: SINGLE (Line Drive, 7S, EV 95.6 MPH)
|
|
Batting: RHB Stephen Charbonneau
|
0-0: Ball 1-0: Ball 2-0: Called Strike 2-1: 2-RUN HOME RUN (Flyball, 9D, EV 98.1 MPH), Distance : 385 ft
|
|
Batting: RHB Roberto Rodriguez
|
0-0: Called Strike 0-1: Ball 1-1: Called Strike 1-2: Reached on error, E5 (Groundball, 56S, EV 91.2 MPH)
|
|
Batting: LHB Robert Watson
|
0-0: Fly out, F7 (Flyball, 78S, EV 79.4 MPH)
|
| Top of the 4th over - 2 runs, 2 hits, 1 error, 1 left on base; Colorado 2 - Los Angeles 0 |
| BOTTOM OF THE 4TH |
|
Los Angeles Dodgers batting - Pitching for Colorado Rockies : LHP Cooper Bate
|
|
Batting: SHB Joel Baker
|
0-0: Ball 1-0: Ball 2-0: Ball 3-0: SINGLE (Line Drive, 7S, EV 100.6 MPH)
|
|
Batting: LHB Chris Ringwood
|
0-0: Ball 1-0: Called Strike Joel Baker steals 2nd base (no throw) 1-1: Foul Ball, location: 2F 1-2: Strikes out swinging
|
|
Batting: LHB Bob Branham
|
0-0: Ball 1-0: Swinging Strike 1-1: Ball 2-1: Called Strike 2-2: Fly out, F8 (Line Drive, 8RD, EV 94.4 MPH) Runner from 2nd tags up, SAFE at 3rd with throw by CF
|
|
Batting: RHB Jorge Severiano
|
0-0: Ball 1-0: Fly out, F9 (Line Drive, 9, EV 91.2 MPH)
|
| Bottom of the 4th over - 0 runs, 1 hit, 0 errors, 1 left on base; Colorado 2 - Los Angeles 0 |
| TOP OF THE 5TH |
|
Colorado Rockies batting - Pitching for Los Angeles Dodgers : RHP Gyu-hyun Kim
|
|
Batting: LHB Fabiano Perrolas
|
0-0: Ball 1-0: SINGLE (Flyball, 8LS, EV 96.2 MPH)
|
|
Batting: RHB Jason Andrews
|
0-0: Foul Ball, location: 2F 0-1: Ball 1-1: Ball Wild Pitch! Fabiano Perrolas to second 2-1: DOUBLE (Line Drive, 5D, EV 101.9 MPH) Fabiano Perrolas scores
|
|
Batting: SHB Chris Blue
|
0-0: Foul Ball, location: 2F 0-1: Ball 1-1: Ball 2-1: Swinging Strike 2-2: Fly out, F7 (Flyball, 7S, EV 81.2 MPH)
|
|
Batting: RHB Rico Coss
|
0-0: Called Strike 0-1: Ball 1-1: Foul Ball, location: 2F 1-2: Strikes out swinging
|
|
Batting: LHB Jose Robles
|
0-0: 2-RUN HOME RUN (Flyball, 89XD, EV 101.2 MPH), Distance : 410 ft
|
|
Pitching: RHP Adrian Serratos
|
|
|
Batting: RHB Sterling Acosta
|
0-0: Ball 1-0: Called Strike 1-1: Fly out, F8 (Flyball, 78M, EV 95.0 MPH)
|
| Top of the 5th over - 3 runs, 3 hits, 0 errors, 0 left on base; Colorado 5 - Los Angeles 0 |
| BOTTOM OF THE 5TH |
|
Los Angeles Dodgers batting - Pitching for Colorado Rockies : LHP Cooper Bate
|
|
Batting: RHB Tsutomu Irie
|
0-0: Ball 1-0: Ball 2-0: Foul Ball, location: 2F 2-1: SINGLE (Flyball, 34D, EV 100.6 MPH)
|
|
Batting: RHB Ben Mischnick
|
0-0: Ball 1-0: Called Strike 1-1: Called Strike 1-2: Strikes out swinging
|
|
Batting: SHB Carlos Rodriguez
|
0-0: 2-RUN HOME RUN (Line Drive, 7LD, EV 91.2 MPH), Distance : 336 ft
|
|
Batting: LHB Ryan Taylor
|
0-0: Ball 1-0: Called Strike 1-1: Ball 2-1: Ball 3-1: Fly out, F7 (Flyball, 78S, EV 91.2 MPH)
|
|
Batting: LHB Dalton Silveira
|
0-0: Fly out, F9 (Flyball, 9S, EV 72.5 MPH)
|
| Bottom of the 5th over - 2 runs, 2 hits, 0 errors, 0 left on base; Colorado 5 - Los Angeles 2 |
| TOP OF THE 6TH |
|
Colorado Rockies batting - Pitching for Los Angeles Dodgers : RHP Adrian Serratos
|
|
Batting: RHB Stephen Charbonneau
|
0-0: Called Strike 0-1: Foul Ball, location: 2F 0-2: Fly out, F7 (Line Drive, 7, EV 97.5 MPH)
|
|
Batting: RHB Roberto Rodriguez
|
0-0: Ball 1-0: Swinging Strike 1-1: Foul Ball, location: 2F 1-2: Foul Ball, location: 2F 1-2: Ball 2-2: Strikes out swinging
|
|
Batting: LHB Robert Watson
|
0-0: Ball 1-0: Fly out, F8 (Flyball, 8RXD, EV 101.2 MPH)
|
| Top of the 6th over - 0 runs, 0 hits, 0 errors, 0 left on base; Colorado 5 - Los Angeles 2 |
| BOTTOM OF THE 6TH |
|
Los Angeles Dodgers batting - Pitching for Colorado Rockies : LHP Cooper Bate
|
|
Pitching: RHP Jaden Mackey
|
|
|
Batting: SHB Joel Baker
|
0-0: Called Strike 0-1: Ball 1-1: SINGLE (Line Drive, 4MD, EV 96.9 MPH)
|
|
Batting: LHB Chris Ringwood
|
0-0: SINGLE (Line Drive, 6MD, EV 98.8 MPH) Joel Baker to second
|
|
Batting: LHB Bob Branham
|
0-0: Called Strike 0-1: Ball 1-1: Called Strike 1-2: SINGLE (Line Drive, 4M, EV 96.2 MPH) Joel Baker to third Chris Ringwood to second
|
|
Batting: RHB Jorge Severiano
|
0-0: Called Strike 0-1: Foul Ball, location: 2F 0-2: Fly out, F9 (Line Drive, 9, EV 88.8 MPH) Runner from 3rd tags up, SCORES, no throw by RF
|
|
Batting: RHB Tsutomu Irie
|
0-0: Ball Wild Pitch! Chris Ringwood to third Bob Branham to second 1-0: Foul Ball, location: 2F 1-1: SINGLE (Flyball, 4MD, EV 91.9 MPH) Chris Ringwood scores Bob Branham to third
|
|
Batting: RHB Ben Mischnick
|
0-0: Ball 1-0: Called Strike 1-1: Fly out, F9 (Flyball, 89M, EV 86.9 MPH)
|
|
Batting: SHB Carlos Rodriguez
|
0-0: Ball 1-0: Called Strike Tsutomu Irie steals 2nd base 1-1: Fly out, F7 (Flyball, 7LD, EV 108.8 MPH)
|
| Bottom of the 6th over - 2 runs, 4 hits, 0 errors, 2 left on base; Colorado 5 - Los Angeles 4 |
| TOP OF THE 7TH |
|
Colorado Rockies batting - Pitching for Los Angeles Dodgers : RHP Adrian Serratos
|
|
Batting: LHB Fabiano Perrolas
|
0-0: Swinging Strike 0-1: Fly out, F5 (Line Drive, 5, EV 73.8 MPH)
|
|
Batting: RHB Jason Andrews
|
0-0: Swinging Strike 0-1: Called Strike 0-2: Foul Ball, location: 2F 0-2: Ground out 6-3 (Groundball, 6, EV 85.0 MPH)
|
|
Batting: SHB Chris Blue
|
0-0: Ball 1-0: Fly out, F8 (Flyball, 8LM, EV 93.8 MPH)
|
| Top of the 7th over - 0 runs, 0 hits, 0 errors, 0 left on base; Colorado 5 - Los Angeles 4 |
| BOTTOM OF THE 7TH |
|
Los Angeles Dodgers batting - Pitching for Colorado Rockies : RHP Jaden Mackey
|
|
Pitching: LHP Dave Burridge
|
|
|
Batting: LHB Ryan Taylor
|
0-0: Called Strike 0-1: Ground out 4-3 (Groundball, 4, EV 85.0 MPH)
|
|
Pinch Hitting: LHB Lirak Bazhunaishvili
|
0-0: Ball 1-0: Foul Ball, location: 2F 1-1: Ball 2-1: Swinging Strike 2-2: Foul Ball, location: 2F 2-2: Strikes out swinging
|
|
Batting: SHB Joel Baker
|
0-0: Ball 1-0: Ball 2-0: Called Strike 2-1: Ball 3-1: Base on Balls
|
|
Batting: LHB Chris Ringwood
|
0-0: Called Strike 0-1: Foul Ball, location: 2F 0-2: Foul Ball, location: 2F 0-2: Ball Joel Baker is caught stealing 2nd base 2-6
|
| Bottom of the 7th over - 0 runs, 0 hits, 0 errors, 0 left on base; Colorado 5 - Los Angeles 4 |
| TOP OF THE 8TH |
|
Colorado Rockies batting - Pitching for Los Angeles Dodgers : RHP Adrian Serratos
|
|
Pitching: LHP Gabe Reyes
|
|
|
Now at 2B: Lirak Bazhunaishvili
|
|
|
Now at SS: Tsutomu Irie
|
|
|
Batting: RHB Rico Coss
|
0-0: SINGLE (Line Drive, 9, EV 105.0 MPH)
|
|
Batting: LHB Jose Robles
|
0-0: Called Strike 0-1: Grounds into double play, 4-6-3 (Groundball, 4M, EV 78.1 MPH)
|
|
Batting: RHB Sterling Acosta
|
0-0: Called Strike 0-1: Foul Ball, location: 2F 0-2: Ball 1-2: Ball 2-2: Strikes out swinging
|
| Top of the 8th over - 0 runs, 1 hit, 0 errors, 0 left on base; Colorado 5 - Los Angeles 4 |
| BOTTOM OF THE 8TH |
|
Los Angeles Dodgers batting - Pitching for Colorado Rockies : LHP Dave Burridge
|
|
Batting: LHB Chris Ringwood
|
0-0: Ball 1-0: Foul Ball, location: 2F 1-1: Foul Ball, location: 2F 1-2: Foul Ball, location: 2F 1-2: Ground out 5-3 (Groundball, 56S, EV 69.4 MPH)
|
|
Pinch Hitting: RHB Clay Buchanan
|
0-0: Ball 1-0: Ball 2-0: Called Strike 2-1: SINGLE (Flyball, 34D, EV 90.0 MPH)
|
|
Pitching: RHP Victor Walshe
|
|
|
Batting: RHB Jorge Severiano
|
0-0: Ball 1-0: Ball 2-0: Ball 3-0: Called Strike 3-1: Single, Error in OF, E9, batter to second base (Line Drive, 34D, EV 95.0 MPH) Clay Buchanan to third
|
|
Batting: RHB Tsutomu Irie
|
0-0: Swinging Strike 0-1: Ball 1-1: Swinging Strike 1-2: Foul Ball, location: 2F 1-2: Ground out 5-3 (Groundball, 56S, EV 87.5 MPH) Clay Buchanan scores
|
|
Batting: RHB Ben Mischnick
|
0-0: Foul Ball, location: 2F 0-1: Ball 1-1: Called Strike 1-2: Ball 2-2: Strikes out swinging
|
| Bottom of the 8th over - 1 run, 2 hits, 1 error, 1 left on base; Colorado 5 - Los Angeles 5 |
| TOP OF THE 9TH |
|
Colorado Rockies batting - Pitching for Los Angeles Dodgers : LHP Gabe Reyes
|
|
Now at 1B: Tsutomu Irie
|
|
|
Now at SS: Clay Buchanan
|
|
|
Batting: RHB Stephen Charbonneau
|
0-0: Ball 1-0: Foul Ball, location: 2F 1-1: Ball 2-1: Fly out, F9 (Flyball, 9S, EV 71.9 MPH)
|
|
Batting: RHB Roberto Rodriguez
|
0-0: Foul Ball, location: 2F 0-1: Ball 1-1: Called Strike 1-2: Ball 2-2: Strikes out swinging
|
|
Pinch Hitting: RHB Chad Thompson
|
0-0: Ball 1-0: Called Strike 1-1: Swinging Strike 1-2: Ball 2-2: Fly out, F9 (Flyball, 9D, EV 102.5 MPH)
|
| Top of the 9th over - 0 runs, 0 hits, 0 errors, 0 left on base; Colorado 5 - Los Angeles 5 |
| BOTTOM OF THE 9TH |
|
Los Angeles Dodgers batting - Pitching for Colorado Rockies : RHP Victor Walshe
|
|
Pitching: RHP Gabe Baxter
|
|
|
Now in RF: Chad Thompson
|
|
|
Batting: SHB Carlos Rodriguez
|
0-0: Foul Ball, location: 2F 0-1: Ball 1-1: Foul Ball, location: 2F 1-2: Ball 2-2: Foul Ball, location: 2F 2-2: SINGLE (Flyball, 78S, EV 90.0 MPH)
|
|
Batting: LHB Ryan Taylor
|
0-0: Bunted foul 0-1: Ball 1-1: Ball 2-1: Sac Bunt to 5S - play at first, batter OUT! 5-4 Carlos Rodriguez to second
|
|
Batting: LHB Lirak Bazhunaishvili
|
0-0: Ball 1-0: Called Strike 1-1: Foul Ball, location: 2F 1-2: Ball 2-2: Foul Ball, location: 2F 2-2: SINGLE (Line Drive, 6MD, EV 95.6 MPH) Carlos Rodriguez to third
|
|
Batting: SHB Joel Baker
|
0-0: Ball 1-0: Ball 2-0: Ball 3-0: Base on Balls Lirak Bazhunaishvili to second
|
|
Batting: LHB Chris Ringwood
|
0-0: Ball 1-0: Foul Ball, location: 2F 1-1: Swinging Strike 1-2: Strikes out looking
|
|
Batting: RHB Clay Buchanan
|
0-0: Called Strike 0-1: Ball 1-1: Foul Ball, location: 2F 1-2: Foul Ball, location: 2F 1-2: SINGLE (Flyball, 8LS, EV 93.8 MPH) Carlos Rodriguez scores
|
| Bottom of the 9th over - 1 run, 3 hits, 0 errors, 0 left on base; Colorado 5 - Los Angeles 6 |
| |
|
Game Over ... Los Angeles defeats Colorado, 6 to 5
|
|
|